 Dungeon Crawl Stone Soup version 0.31-a0-667-g39726597b9 (webtiles) character file.

Game seed: 1307557860287548675

2251 eneti the Covered (level 9, -1/78 (79) HPs)
             Began as a Minotaur Fighter on Sept 3, 2023.
             Was a Priest of Okawaru.
             Blown up by Joseph (14 damage)
             ... with a mindburst bolt
             ... on level 7 of the Dungeon.
             The game lasted 00:09:03 (6674 turns).

eneti the Covered (Minotaur Fighter)                Turns: 6674, Time: 00:09:04

HP:   -1/78 (79)    AC: 10    Str: 24    XL:     9   Next: 15%
MP:   0/8           EV: 12    Int:  5    God:    Okawaru [***...]
Gold: 324           SH:  5    Dex: 11    Spells: 8/8 levels left

rFire   . . .        a - +0 war axe
rCold   . . .        c - +0 buckler
rNeg    . . .        b - +1 scale mail
rPois   .            (helmet restricted)
rElec   .            (no cloak)
rCorr   .            (no gloves)
SInv    .            l - +0 pair of boots
Will    .....        m - amulet of guardian spirit Stlth
                     (no ring)
HPRegen 0.33/turn    (no ring)
MPRegen 0.11/turn

%: guardian spirit
@: lightly drained
A: horns 2, retaliatory headbutt
a: Renounce Religion, Heroism


You were on level 7 of the Dungeon.
You worshipped Okawaru.
Okawaru was most pleased with you.
You visited 2 branches of the dungeon, and saw 8 of its levels.

You collected 324 gold pieces.

Inventory:

Hand Weapons
 a - a +0 war axe (weapon)
Armour
 b - a +1 scale mail (worn)
 c - a +0 buckler (worn)
 l - a +0 pair of boots (worn)
Jewellery
 m - an amulet of guardian spirit (around neck)
Wands
 f - a wand of iceblast (8)
 h - a wand of flame (18)
 k - a wand of paralysis (17)
Scrolls
 e - a scroll of blinking
Potions
 d - a potion of heal wounds
 g - a potion of curing
 i - a potion of ambrosia
 j - a potion of lignification
 n - a potion of enlightenment
 o - 3 potions of brilliance {unknown}


   Skills:
 + Level 7.4 Fighting
 + Level 6.9 Axes
 + Level 7.4 Armour
 + Level 5.8 Dodging
 + Level 7.4 Shields


You had 8 spell levels left.
You didn't know any spells.
Your spell library was empty.

Dungeon Overview and Level Annotations

Branches:
Dungeon (7/15)             Temple (1/1) D:4

Altars:
Ashenzari
Cheibriados
Elyvilon
Fedhas
Gozag
Kikubaaqudgha
Makhleb
Nemelex Xobeh
Okawaru
Qazlal
Ru
Sif Muna
Trog
Vehumet
Wu Jian
Xom
Yredelemnul
Zin
The Shining One

Shops:
D:3 [

Annotations:
D:7 Joseph


Innate Abilities, Weirdness & Mutations

You have a pair of horns on your head.
You reflexively headbutt those who attack you in melee.


Message History

Joseph hits you but does no damage.
You barely miss Joseph. You headbutt Joseph.
Joseph is moderately wounded.
You block Joseph's attack.
Joseph zaps a wand.
You struggle to resist.
You hit Joseph. Your headbutt misses Joseph.
Joseph is moderately wounded.
Joseph hits you with a +0 quarterstaff!
You hit Joseph. You headbutt Joseph.
Joseph is heavily wounded.
Joseph zaps a wand.
Your mind is blasted!
You hit Joseph.
Joseph is heavily wounded.
Joseph hits you with a +0 quarterstaff.
You slash Joseph! You headbutt Joseph, but do no damage.
Joseph is severely wounded.
Joseph hits you with a +0 quarterstaff!
You hit Joseph. Your headbutt misses Joseph.
Joseph is severely wounded.
Joseph shouts, "I love to fight!
I love killing!"
Joseph hits you with a +0 quarterstaff! Joseph closely misses you.
You are too injured to fight recklessly!
You are too injured to fight recklessly!
You are too injured to fight recklessly!
Unknown command.
You slash Joseph!
Joseph is almost dead.
Joseph hits you with a +0 quarterstaff!
You barely miss Joseph.
Joseph is almost dead.
Joseph zaps a wand.
Your mind is blasted!
* * * LOW HITPOINT WARNING * * *
Unknown command.
You closely miss Joseph.
Joseph is almost dead.
Joseph zaps a wand.
Your mind is blasted!
* * * LOW HITPOINT WARNING * * *
You closely miss Joseph. You headbutt Joseph.
Joseph is almost dead.
Joseph zaps a wand.
Your mind is blasted!
You die...

#.....#....##
#...).##.#..#
#.....##.†..##
#.....###....#
#.....# #..#.#
#.....###....#
#.....+..#'#.#######
#....)#.....>.@....#
#..<).#......@####.#
#######.......#
.........+..@[#
###......######
......... .#########


You could see Joseph.

Vanquished Creatures
  2 steam dragons (D:6)
  Menkaure (D:7)
  3 black bears
  3 ogres
  A centaur (D:6)
  A phantom (D:6)
  7 scorpions
  A howler monkey (D:4)
  2 hounds
  2 orc priests (D:6)
  3 jellies
  A gnoll bouda (D:6)
  2 sleepcaps
  Ijyb (D:3)
  4 orc wizards
  Robin (D:3)
  8 gnolls
  10 adders
  A shadow imp (D:6)
  2 white imps (D:7)
  A worm (D:5)
  2 dart slugs
  34 orcs
  4 endoplasms
  2 giant cockroaches
  19 goblins
  6 hobgoblins
  8 jackals
  A quokka (D:1)
  4 ball pythons
  5 bats
  6 frilled lizards
  6 kobolds
  3 rats
  A spectral orc (D:5)
158 creatures vanquished.

Notes
Turn   | Place    | Note
-------+----------+-------------------------------------------
     0 | D:1      | eneti the Minotaur Fighter began the quest for the Orb.
     0 | D:1      | Reached XP level 1. HP: 19/19 MP: 0/0
   416 | D:1      | Reached XP level 2. HP: 27/27 MP: 1/1
   608 | D:2      | Reached skill level 1 in Dodging
   612 | D:2      | Reached XP level 3. HP: 25/33 MP: 2/2
  1602 | D:2      | Reached XP level 4. HP: 37/40 MP: 3/3
  1773 | D:3      | Identified the +1 helmet of the Will of the Gods {Harm
                  | rElec Str+8 Slay-4}
  1773 | D:3      | Noticed Robin
  1790 | D:3      | Killed Robin
  1804 | D:3      | Reached XP level 5. HP: 39/47 MP: 4/4
  2045 | D:3      | Found an iron altar of Okawaru.
  2045 | D:3      | Found a broken altar of Ashenzari.
  2046 | D:3      | Found a radiant altar of Vehumet.
  2058 | D:3      | Became a worshipper of Warmaster Okawaru
  2109 | D:3      | Found Zoewkin's Armour Boutique.
  2307 | D:3      | Noticed Ijyb
  2326 | D:3      | Killed Ijyb
  2933 | D:4      | Reached XP level 6. HP: 35/55 MP: 5/5
  3188 | D:4      | Reached skill level 5 in Fighting
  3188 | D:4      | Reached skill level 5 in Armour
  3188 | D:4      | Reached skill level 5 in Shields
  3194 | D:4      | Found a stormy altar of Qazlal.
  3198 | D:4      | Reached * piety under Okawaru
  3214 | D:4      | Reached XP level 7. HP: 22/61 MP: 6/6
  3524 | D:4      | Found a staircase to the Ecumenical Temple.
  3537 | Temple   | Entered the Ecumenical Temple
  3916 | D:4      | Reached skill level 5 in Axes
  4145 | D:5      | Entered Level 5 of the Dungeon
  4294 | D:5      | Reached ** piety under Okawaru
  4338 | D:5      | Reached XP level 8. HP: 68/70 MP: 5/7
  4891 | D:5      | Found a basalt altar of Yredelemnul.
  5460 | D:6      | Reached skill level 5 in Dodging
  5821 | D:6      | Reached *** piety under Okawaru
  6235 | D:6      | Reached XP level 9. HP: 50/79 MP: 3/8
  6522 | D:7      | Noticed Menkaure
  6534 | D:7      | Killed Menkaure
  6655 | D:7      | Noticed Joseph
  6674 | D:7      | Blown up by Joseph

Illustrated notes

Levels and vault maps discovered:
D:1:      wander_arrival_chamber, layout_rooms, minivault_24, skrybe_limestone_x
D:2:      layout_basic
D:3:      layout_basic, grunt_temple_overflow_open, serial_shops, shop,
          chequers_serial_rivers_room_a, serial_bayou_crossing, uniq_ijyb,
          uniq_robin
D:4:      layout_basic, mainiacjoe_overflow_boulevard, minmay_temple_entry_trees
D:5:      layout_basic, yredelemnul_forgotten_temple_becter, kennysheep_dice
D:6:      nicolae_cairo_tiling_very_big, layout_loops_ring, grunt_ministairs_6
D:7:      layout_basic, uniq_joseph, uniq_menkaure, uniq_pikel
Temple:   eino_narrow_crystal_temple

Skill      XL: |  1  2  3  4  5  6  7  8 |
---------------+-------------------------+-----
Dodging        | 1 2 3 4 5 |  5.8
Armour         | 4 5 6 7 |  7.4
Fighting       | 4 5 6 7 |  7.4
Shields        | 4 5 6 7 |  7.4
Axes           | 3 4 5 6 |  6.9

Action                     |  1- 3 |  4- 6 |  7- 9 || total
---------------------------+-------+-------+-------++-------
  Melee: War axe           |    65 |   139 |   220 ||   424
         Headbutt          |     7 |    15 |    37 ||    59
  Evoke: Wand              |       |       |     2 ||     2
    Use: Scroll            |     4 |     4 |     7 ||    15
         Potion            |       |     1 |     1 ||     2
 Armour: Scale mail        |    46 |   125 |   172 ||   343
         Skin              |       |       |    22 ||    22
  Dodge: Dodged            |    26 |    71 |   107 ||   204
  Block: Buckler           |    16 |    31 |    62 ||   109

Table legend: (Time is in decaauts)
 A = Elapsed time spent in this place.
 B = Non-inter-level travel time spent in this place.
 C = Inter-level travel time spent in this place.
 D = Time resting spent in this place.
 E = Time spent auto-exploring this place.
 F = Levels seen in this place.
 G = Mean time per level.
                   A        B        C        D        E       F      G
               +--------+--------+--------+--------+--------+-----+--------+
         Total |   6806 |   6558 |    248 |    287 |   5210 |   8 |  850.8 |
       Dungeon |   6805 |   6557 |    248 |    287 |   5210 |   7 |  972.1 |
        Temple |      1 |      1 |      0 |      0 |      0 |   1 |    1.0 |
               +--------+--------+--------+--------+--------+-----+--------+

Top non-repeatable levels by time:
     D:6: 1376 daAuts
     D:4: 1367 daAuts
     D:2: 1226 daAuts
     D:3: 1125 daAuts
     D:5: 1015 daAuts
     D:1: 521 daAuts
     D:7: 172 daAuts
  Temple: 1 daAuts
